 Dungeon Crawl Stone Soup version 0.18-a0-1348-g32b6e23 (webtiles) character file.

1104 Herrn the Skirmisher (level 8, -6/74 HPs)
             Began as a Naga Skald on Feb 18, 2016.
             Was a Follower of Okawaru.
             Killed from afar by Herrn's ghost (19 damage)
             ... with a flame tongue
             ... on level 6 of the Dungeon.
             The game lasted 00:19:49 (6387 turns).

Herrn the Skirmisher (Naga Skald)                   Turns: 6387, Time: 00:19:49

Health: -6/74      AC: 14    Str: 14    XL:     8   Next: 32%
Magic:  18/20      EV:  7    Int: 20    God:    Okawaru [*.....]
Gold:   155        SH:  0    Dex: 11    Spells: 3 memorised, 6 levels left

rFire  . . .     SeeInvis +     i - +0 battleaxe
rCold  + . .     Gourm    .     m - +2 chain mail {rC+}
rNeg   . . .     Faith    .     (shield currently unavailable)
rPois  +         Spirit   .     x - +1 hat
rElec  .         Dismiss  .     y - +0 cloak
rCorr  .         Reflect  .     (no gloves)
SustAt .         Harm     .     (no barding)
MR     +....     Clarity  +     (no amulet)
Stlth  ..........               f - ring of magical power
                                e - +5 ring of intelligence

@: heroism, very slow, somewhat resistant to hostile enchantments, extremely
unstealthy
A: see invisible, clarity, deformed body, mutation resistance 1, poison
resistance, slowness 2, slow metabolism 1, spit poison 2, AC +2
a: Spit Poison, Heroism, Renounce Religion


You were on level 6 of the Dungeon.
You worshipped Okawaru.
Okawaru was aware of your devotion.
You were near starving.

You visited 1 branch of the dungeon, and saw 6 of its levels.

You collected 155 gold pieces.

Inventory:

Hand Weapons
 a - a +0 hand axe
 i - a +0 battleaxe (weapon)
 C - a +0 morningstar
Armour
 b - a +0 leather armour
 m - a +2 chain mail of cold resistance (worn)
 x - a +1 hat (worn)
 y - a +0 cloak (worn)
 B - a +0 chain mail
Jewellery
 e - a +5 ring of intelligence (left hand)
 f - a ring of magical power (right hand)
Scrolls
 g - 2 scrolls of amnesia {unknown}
 h - 3 scrolls of enchant armour
 q - 3 scrolls of remove curse
 A - a scroll of immolation {unknown}
Potions
 o - a potion of cancellation
 r - a potion of flight {unknown}
 s - a potion of magic {unknown}
 t - a potion of degeneration {unknown}
 u - a potion of brilliance
 z - a potion of lignification
Books
 c - a book of Battle

   Spells                             Type                      Level
   a - Infusion                       Charms                       1
   b - Shroud of Golubria             Charms/Translocation         2
   c - Song of Slaying                Charms                       2
   d - Spectral Weapon                Hexes/Charms                 3
   e - Regeneration                   Charms/Necromancy            3
 p - a book of Minor Magic

   Spells                             Type                      Level
   a - Magic Dart                     Conjuration                  1
   b - Blink                          Translocation                2
   c - Call Imp                       Summoning                    2
   d - Repel Missiles                 Charms/Air                   2
   e - Slow                           Hexes                        2
   f - Conjure Flame                  Conjuration/Fire             3
   g - Mephitic Cloud                 Conjuration/Poison/Air       3
Comestibles
 d - 5 bread rations
 j - 5 fruits
 k - a meat ration
 l - a royal jelly
 n - a slice of pizza
 w - a beef jerky


   Skills:
 * Level 5.2(10.2) Fighting
 * Level 4.6(9.6) Axes
 + Level 3.2(8.2) Armour
 * Level 4.6(9.6) Dodging
 - Level 2.0 Spellcasting
 - Level 3.0 Charms


You had 6 spell levels left.
You knew the following spells:

 Your Spells              Type           Power        Failure   Level  Hunger
a - Infusion              Chrm           ##..         77%         1    #......
b - Song of Slaying       Chrm           ##......     92%         2    ##.....
c - Repel Missiles        Chrm/Air       #.....       99%         2    ##.....


Dungeon Overview and Level Annotations

Branches:
Dungeon (6/15)             Temple (0/1) D:6

Altars:
Gozag
Nemelex Xobeh
Okawaru
Pakellas
Sif Muna
Xom
Zin

Annotations:
D:3 Gottschkopf's ghost, amateur DrBe
D:6 Herrn's ghost, novice NaFE


Innate Abilities, Weirdness & Mutations

You cannot wear boots.
Your serpentine skin is tough (AC +2).
You have supernaturally acute eyesight.
Armour fits poorly on your strangely shaped body.
Your system is resistant to poisons.
You cover ground very slowly.
You have a slow metabolism.
You can spit poison.
You possess an exceptional clarity of mind.
You are somewhat resistant to further mutation.


Message History

Herrn's ghost gestures at you while chanting.
The flame tongue hits you!
You closely miss Herrn's ghost.
Herrn's ghost is severely damaged.
Herrn's ghost hits you but does no damage.
Your chain mail prevents you from hitting Herrn's ghost.
Herrn's ghost is severely damaged.
Herrn's ghost hits you but does no damage. x2
You barely miss Herrn's ghost.
Herrn's ghost is severely damaged.
Herrn's ghost points at you and mumbles some strange words.
The flame tongue hits you!
* * * LOW HITPOINT WARNING * * *
Herrn's ghost hits you but does no damage.
Unknown command.
You gain the combat prowess of a mighty hero.
You feel slightly more hungry.
Herrn's ghost gestures at you while chanting.
The flame tongue hits you!
You die...

**≈≈≈*,#########.# #.# #.#
**≈,*,#.....<...# #.# #.#
**,,,#.#######.## #.#####.####
***,#,*#####...####.#........#
*,*,*#............#†###.....
*,*,*#W###...###..#.# ####..
*,*,*#.####.####..#[#*****..
*,*,*#.#..........#.#*,,,,,.
#.#.##.#..W@.....>..#*,**,,,
#............###.####*,**,,,
###.##.#.....# #.# *,**,,*
#,*#.#.....#*#.# *,**,,,
*,,............# *,*****
**##########.###****,*
*...,,,,,,* **##*******


You could see Herrn's ghost.

Vanquished Creatures
  Sigmund (D:3)
  An orc warrior (D:4)
  A centaur (D:5)
  2 ogres (D:5)
  2 scorpions (D:4)
  A crimson imp (D:5)
  2 giant frog zombies (D:5)
  2 orc priests (D:5)
  Crazy Yiuf (D:3)
  2 centaur skeletons
  A giant frog skeleton (D:4)
  Jessica (D:2)
  An iguana (D:4)
  A worker ant (D:5)
  Natasha (D:3)
  5 adders
  An adder skeleton (D:4)
  2 worms
  4 giant geckos
  12 orcs
  3 ball pythons
  7 giant cockroaches
  4 goblins
  5 hobgoblins
  3 jackals (D:3)
  11 kobolds
  2 quokkas
  9 bats
  8 giant newts (D:2)
  7 rats
  A fungus (D:3)
104 creatures vanquished.

Vanquished Creatures (others)
  A hippogriff (D:5)
1 creature vanquished.

Grand Total: 105 creatures vanquished

Notes
Turn   | Place    | Note
--------------------------------------------------------------
     0 | D:1      | Herrn the Naga Skald began the quest for the Orb.
     0 | D:1      | Reached XP level 1. HP: 19/19 MP: 3/3
   324 | D:1      | Reached skill level 1 in Dodging
   324 | D:1      | Reached XP level 2. HP: 17/27 MP: 5/5
   842 | D:1      | Learned a level 2 spell: Song of Slaying
  1033 | D:1      | Reached skill level 1 in Armour
  1371 | D:2      | Noticed Jessica
  1372 | D:2      | Killed Jessica
  1372 | D:2      | Reached XP level 3. HP: 33/33 MP: 6/6
  1451 | D:1      | Reached XP level 4. HP: 22/42 MP: 7/7
  1737 | D:2      | Learned a level 2 spell: Repel Missiles
  2483 | D:3      | Found a glowing silver altar of Zin.
  2574 | D:3      | Noticed Gottschkopf's ghost (amateur DrBe)
  2577 | D:3      | Noticed an angel
  2786 | D:2      | Gained mutation: You possess an exceptional clarity of mind. [potion of beneficial mutation]
  2827 | D:3      | Found a shimmering altar of Xom.
  2830 | D:3      | Noticed Sigmund
  2831 | D:3      | Found a sparkling altar of Nemelex Xobeh.
  2850 | D:3      | Killed Sigmund
  2850 | D:3      | Reached XP level 5. HP: 15/49 MP: 8/8
  2850 | D:3      | Reached XP level 6. HP: 17/56 MP: 9/9
  3188 | D:3      | Gained mutation: You are somewhat resistant to further mutation. [potion of beneficial mutation]
  3318 | D:3      | Found an opulent altar of Gozag.
  3606 | D:3      | Noticed Natasha
  3617 | D:3      | Killed Natasha
  3634 | D:3      | Found a deep blue altar of Sif Muna.
  3793 | D:3      | Noticed Crazy Yiuf
  3801 | D:3      | Killed Crazy Yiuf
  3999 | D:4      | Found an iron altar of Okawaru.
  4007 | D:4      | Became a worshipper of Warmaster Okawaru
  4093 | D:4      | Reached XP level 7. HP: 43/63 MP: 10/10
  4224 | D:4      | Reached skill level 4 in Fighting
  4645 | D:5      | Entered Level 5 of the Dungeon
  5444 | D:5      | Reached * piety under Okawaru
  5444 | D:5      | Reached skill level 5 in Fighting
  5444 | D:5      | Reached XP level 8. HP: 27/74 MP: 11/11
  5777 | D:5      | Found an oddly glowing altar of Pakellas.
  5777 | D:5      | Noticed an orange crystal statue
  6353 | D:6      | Noticed Herrn's ghost (novice NaFE)
  6387 | D:6      | Killed from afar by Herrn's ghost

Vault maps used:
D:1:      erik_arrival_cave_to_civilisation, hangedman_abyss_or_decor_stabs
D:2:      minmay_newt_pond, uniq_jessica
D:3:      grunt_temple_overflow_order_and_chaos_1, old_standard_altar,
          nicolae_gozag_seed_capital, first_bread,
          nemelex_xobeh_ov_fountains_minmay, uniq_natasha,
          uniq_crazy_yiuf_cottage, uniq_sigmund
D:4:      okawaru_ov_weapons_minmay
D:5:      gammafunk_pakellas_statue_experiment
D:6:      cheibriados_altar_1, minmay_temple_entry_butterflies,
          gup_sewer_entry_pipe, serial_shops, shop, uniq_eustachio

Action                   |  1- 3 |  4- 6 |  7- 9 || total
-------------------------+-------+-------+-------++-------
Melee: Hand axe          |    56 |   204 |    25 ||   285
       Battleaxe         |       |       |   137 ||   137
 Cast: Infusion          |       |     8 |     3 ||    11
       Song of Slaying   |       |     2 |       ||     2
Invok: Heroism           |       |       |     2 ||     2
 Abil: Spit Poison       |    24 |    21 |    24 ||    69
  Use: Potion            |       |     3 |     2 ||     5
       Scroll            |       |     2 |     8 ||    10
 Stab: Sleeping          |       |     1 |       ||     1
  Eat: Chunk             |     1 |     8 |     5 ||    14
       Fruit             |       |     1 |     1 ||     2
       Beef jerky        |       |       |     1 ||     1
